 Dungeon Crawl Stone Soup version 0.29.1-15-g9cfb28693d (webtiles) character file.

Game seed: 4640477101632428944

2581 Ihaveafatcat the Protected (level 9, -7/82 HPs)
             Began as a Minotaur Fighter on Mar 30, 2023.
             Was a Follower of Trog.
             Killed from afar by an orc wizard (8 damage)
             ... with a magic dart
             ... on level 8 of the Dungeon.
             The game lasted 00:17:48 (11395 turns).

Ihaveafatcat the Protected (Minotaur Fighter)      Turns: 11395, Time: 00:17:49

Health: -7/82      AC: 13    Str: 24    XL:     9   Next: 32%
Magic:  8/8        EV:  9    Int:  5    God:    Trog [*.....]
Gold:   331        SH:  0    Dex: 11    Spells: 8/8 levels left

rFire   . . .      SeeInvis .   a - +2 war axe
rCold   . . .      Faith    .   c - +0 buckler
rNeg    . . .      Spirit   .   b - +1 scale mail
rPois   .          Reflect  .   (helmet restricted)
rElec   .          Harm     .   (no cloak)
rCorr   .          Rampage  .   (no gloves)
Will    .....                   (no boots)
Stlth   ..........              (no amulet)
HPRegen 0.23/turn               g - +4 ring of protection
MPRegen 0.11/turn               (no ring)

@: confused
A: horns 2, retaliatory headbutt
a: Renounce Religion, Berserk


You were on level 8 of the Dungeon.
You worshipped Trog.
Trog was aware of your devotion.
You visited 2 branches of the dungeon, and saw 9 of its levels.

You collected 331 gold pieces.

Inventory:

Hand Weapons
 a - a +2 war axe (weapon)
Missiles
 l - 2 throwing nets
Armour
 b - a +1 scale mail (worn)
 c - a +0 buckler (worn)
Jewellery
 g - a +4 ring of protection (left hand)
 q - a ring of magical power
Wands
 h - a wand of iceblast (17)
 j - a wand of flame (14)
Scrolls
 f - 2 scrolls of amnesia
 i - a scroll of blinking
 m - a scroll of enchant armour
 n - a scroll of teleportation
 o - 2 scrolls of magic mapping
 r - a scroll of enchant weapon
 s - a scroll of identify
Potions
 d - 3 potions of might
 e - a potion of magic
 k - 3 potions of flight
 p - a potion of curing
 t - 2 potions of haste
 u - 2 potions of brilliance


   Skills:
 + Level 8.4 Fighting
 + Level 7.9 Axes
 + Level 8.5 Armour
 + Level 8.4 Shields


You had 8 spell levels left.
You didn't know any spells.
Your spell library contained the following spells:

 Spells                   Type           Power      Damage    Failure   Level
 Apportation              Tloc           0%         N/A       82%         1
 Necrotise                Necr           0%         1d4       82%         1
 Summon Small Mammal      Summ           0%         N/A       82%         1
 Gell's Gravitas          Tloc           0%         N/A       99%         3
 Teleport Other           Tloc           0%         N/A       99%         3
 Dispersal                Tloc           0%         N/A       100%        6


Dungeon Overview and Level Annotations

Branches:
Dungeon (8/15)             Temple (1/1) D:5
   Lair: D:8-11

Altars:
Cheibriados
Dithmenos
Elyvilon
Fedhas
Hepliaklqana
Kikubaaqudgha
Makhleb
Nemelex Xobeh
Okawaru
Qazlal
Ru
Sif Muna
Trog
Uskayaw
Vehumet
Wu Jian
Xom
Yredelemnul
Zin
The Shining One

Shops:
D:2 =

Annotations:
D:8 Gastronok


Innate Abilities, Weirdness & Mutations

You have a pair of horns on your head.
You reflexively headbutt those who attack you in melee.


Message History

The orc wizard gestures wildly while chanting.
The orc wizard flickers and vanishes!
Deactivating autopickup; reactivate with Ctrl-A.
You hit the orc priest. Your headbutt misses the orc priest.
The orc priest is severely wounded.
You hit Gastronok. You block Gastronok's attack.
The orc priest hits you but does no damage.
You slash the orc priest!
You kill the orc priest!
Trog accepts your kill.
You slash Gastronok!
A puff of flame appears from out of thin air!
You block the puff of flame.
You slash Gastronok!
Gastronok is moderately wounded.
Gastronok bites you!
You slash Gastronok! You headbutt Gastronok!
Gastronok is heavily wounded.
A magic dart appears from out of thin air!
The magic dart hits you but does no damage.
You feel a sudden, passing aversion to salt.
You hit Gastronok.
You headbutt Gastronok, but do no damage.
Gastronok is heavily wounded.
You hit Gastronok. You headbutt Gastronok!
Gastronok is heavily wounded.
Gastronok waves his eye-stalks in wide circles.
The air twists around and strikes you!! Something hits you but does no damage.
You closely miss something. You headbutt something!
Gastronok waves his eye-stalks in wide circles.
The air twists around and strikes you!!!
Ouch! That really hurt!
* * * LOW HITPOINT WARNING * * *
Something hits you but does no damage.
You are too injured to fight recklessly!
You hear some strange, mumbled words.
You are confused.
A magic dart appears from out of thin air!
The magic dart hits you!
You die...

...............
.#..................?..
......................
##.....................
......................
#...^.................
#.....................
#+#####..........{.))[......
#....##.....>..@............
##..........(......w.........
.................................
...#.............................
.....>...........................
.................................
?..#.#.#.........................
...#+#.#......................≈.^
.............†..............^^(#


You could see Gastronok.

Vanquished Creatures
  A hornet (D:8)
  Prince Ribbit (D:8)
  Menkaure (D:7)
  An ice beast (D:6)
  An orc warrior (D:7)
  A black bear (D:5)
  3 sky beasts
  A phantom (D:4)
  2 necrophages
  A bullfrog (D:7)
  3 scorpions
  3 wights (D:7)
  3 killer bees
  A howler monkey (D:5)
  A hound (D:5)
  A jelly (D:6)
  2 orc priests (D:8)
  2 gnoll boudas
  Terence (D:2)
  8 iguanas
  4 orc wizards
  8 adders
  12 gnolls
  2 worms
  2 dart slugs (D:2)
  10 orcs
  10 ball pythons
  8 endoplasms
  3 giant cockroaches
  8 goblins
  4 hobgoblins (D:3)
  5 kobolds
  A quokka (D:1)
  7 bats
  A frilled lizard (D:1)
  9 rats
132 creatures vanquished.

Notes
Turn   | Place    | Note
-------+----------+-------------------------------------------
     0 | D:1      | Ihaveafatcat the Minotaur Fighter began the quest for the
                  | Orb.
     0 | D:1      | Reached XP level 1. HP: 19/19 MP: 0/0
   217 | D:1      | Reached XP level 2. HP: 27/27 MP: 1/1
   600 | D:1      | Found a faded altar of an unknown god.
   728 | D:1      | Reached XP level 3. HP: 31/33 MP: 2/2
  1374 | D:2      | Found Bydiguung's Jewellery Shop.
  1398 | D:2      | Noticed Terence
  1410 | D:2      | Killed Terence
  1411 | D:2      | Reached XP level 4. HP: 31/41 MP: 3/3
  1498 | D:2      | Found a blossoming altar of Fedhas.
  2547 | D:3      | Reached XP level 5. HP: 47/47 MP: 4/4
  2983 | D:3      | Found a white marble altar of Elyvilon.
  2992 | D:3      | Found a hazy altar of Hepliaklqana.
  3698 | D:4      | Noticed a phantom
  3707 | D:4      | Killed a phantom
  3708 | D:4      | Reached skill level 5 in Fighting
  3708 | D:4      | Reached skill level 5 in Armour
  3708 | D:4      | Reached skill level 5 in Shields
  3710 | D:4      | Reached XP level 6. HP: 37/56 MP: 5/5
  4315 | D:5      | Entered Level 5 of the Dungeon
  4372 | D:5      | Found a basalt altar of Yredelemnul.
  5011 | D:5      | Reached skill level 5 in Axes
  5011 | D:5      | Reached XP level 7. HP: 62/62 MP: 6/6
  5196 | D:5      | Found a staircase to the Ecumenical Temple.
  5236 | Temple   | Entered the Ecumenical Temple
  5405 | Temple   | Became a worshipper of Trog the Wrathful
  5434 | D:5      | Found an iron altar of Okawaru.
  6584 | D:6      | Reached XP level 8. HP: 68/71 MP: 7/7
  8602 | D:7      | Found a shadowy altar of Dithmenos.
  8725 | D:7      | HP: 2/74 [sky beast (5)]
  8729 | D:7      | Reached * piety under Trog
  9784 | D:7      | Reached XP level 9. HP: 67/81 MP: 8/8
 10077 | D:7      | Noticed Menkaure
 10100 | D:7      | Killed Menkaure
 10592 | D:7      | Found a shimmering blue altar of Sif Muna.
 10878 | D:8      | Found a stormy altar of Qazlal.
 10890 | D:8      | Paralysed by a hornet for 1 turns
 11052 | D:8      | Noticed Prince Ribbit
 11074 | D:8      | Killed Prince Ribbit
 11164 | D:8      | Noticed Gastronok
 11392 | D:8      | HP: 1/82 [Gastronok/the air (42)]
 11395 | D:8      | Killed from afar by an orc wizard

Illustrated notes

Levels and vault maps discovered:
D:1:      ncdulo_halloftheorcs, layout_loops_corners, basic_ecumenical_altar
D:2:      layout_rooms, serial_shops, shop, basic_altar,
          chequers_serial_rivers_large_a, grunt_decor_clamped,
          kennysheep_generic_room_13, uniq_terence
D:3:      layout_basic, mainiacjoe_overflow_swirl,
          hangedman_decor_clover_reticule
D:4:      layout_cave_pods, serial_column_ruins, column_ruins_corridor_straight,
          column_ruins_grid_1, column_ruins_open_tiny, column_ruins_grid_3,
          st_stairs_14
D:5:      layout_basic, mainiacjoe_overflow_surrounded_room,
          mainiacjoe_overflow_tiny_flanked, minmay_temple_entry_butterflies
D:6:      layout_basic
D:7:      layout_basic, led_sif_book, nicolae_dithmenos_through_a_glass_darkly,
          enter_bailey_2, chequers_serial_rivers_micro_a, uniq_menkaure
D:8:      layout_basic, ashenzari_altar_1, grunt_qazlal_sundering,
          uniq_prince_ribbit1, uniq_gastronok
Temple:   eino_narrow_crystal_temple

Skill      XL: |  1  2  3  4  5  6  7  8  9 |
---------------+----------------------------+-----
Fighting       | 4 5 6 7 8 |  8.4
Armour         | 4 5 6 8 |  8.5
Shields        | 4 5 6 8 |  8.4
Axes           | 3 4 5 6 7 |  7.9

Action                   |  1- 3 |  4- 6 |  7- 9 || total
-------------------------+-------+-------+-------++-------
Melee: War axe           |    76 |   125 |   177 ||   378
       Headbutt          |     8 |    17 |    34 ||    59
  Use: Potion            |       |     1 |     4 ||     5
       Scroll            |       |       |    16 ||    16
Armor: Scale mail        |    38 |    87 |   156 ||   281
Dodge: Dodged            |    39 |    59 |    95 ||   193
Block: Buckler           |    18 |    32 |    56 ||   106
